 Dungeon Crawl Stone Soup version 0.23.2 (webtiles) character file.

Game seed: 7643843608896164487

205 Fang the Skirmisher (level 5, -4/51 HPs)
             Began as a Gargoyle Berserker on Apr 4, 2019.
             Was a Believer of Trog.
             Killed by divine providence
             ... invoked by an orc priest
              (12 damage)
             ... on level 3 of the Dungeon.
             The game lasted 00:01:16 (1595 turns).

Fang the Skirmisher (Gargoyle Berserker)            Turns: 1595, Time: 00:01:16

Health: -4/51      AC:  6    Str: 27    XL:     5   Next: 83%
Magic:  5/5        EV: 12    Int:  7    God:    Trog [**....]
Gold:   87         SH:  0    Dex:  9    Spells: 4/4 levels left

rFire    . . .     SeeInvis .   a - +0 hand axe
rCold    . . .     Gourm    .   (no shield)
rNeg     + . .     Faith    .   b - +0 animal skin
rPois    ∞         Spirit   .   (no helmet)
rElec    +         Reflect  .   (no cloak)
rCorr    .         Harm     .   (no gloves)
MR       .....                  (no boots)
Stlth    ..........             (no amulet)
HPRegen  0.17/turn              (no ring)
MPRegen  0.09/turn              (no ring)

@: berserking, very quick
A: negative energy resistance 1, electricity resistance, unbreathing,
petrification resistance, rot immunity, AC +4
a: Berserk, Trog's Hand, Renounce Religion


You were on level 3 of the Dungeon.
You worshipped Trog.
Trog was pleased with you.
You were very hungry.

You visited 1 branch of the dungeon, and saw 3 of its levels.

You collected 87 gold pieces.

Inventory:

Hand Weapons
 a - a +0 hand axe (weapon)
Armour
 b - a +0 animal skin (worn)
Jewellery
 h - an uncursed amulet of the acrobat {unknown}
Wands
 g - a wand of flame (15)
Scrolls
 i - 6 scrolls of identify {unknown}
 m - a scroll of magic mapping {unknown}
 n - a scroll of enchant armour {unknown}
Potions
 d - a potion of degeneration {unknown}
 e - a potion of flight {unknown}
 f - a potion of resistance {unknown}
 k - a potion of haste {unknown}
 l - a potion of ambrosia {unknown}
Comestibles
 c - 5 rations


   Skills:
 + Level 4.4 Fighting
 + Level 3.7 Axes
 + Level 3.6 Armour
 + Level 2.7 Dodging


You had 4 spell levels left.
You didn't know any spells.
Your spell library was empty.

Dungeon Overview and Level Annotations

Branches:
Dungeon (3/15)

Altars:
Kikubaaqudgha
Makhleb
Vehumet
Zin

Annotations:
D:3 Terence


Innate Abilities, Weirdness & Mutations

You are resistant to torment.
Your stone body is resilient. (AC +4)
You are immune to poison.
You resist negative energy. (rN+)
You are resistant to electric shocks. (rElec)
You can survive without breathing.
You are immune to petrification.
You are immune to rotting.


Message History

Terence barely misses you.
The rat twitches its whiskers.
The orc hits you but does no damage. The orc closely misses you.
You hit Terence but do no damage.
Terence is almost dead.
You closely miss the orc. You hit the orc. You closely miss the orc.
The orc hits you but does no damage. Terence hits you but does no damage.
The orc barely misses you. The orc closely misses you.
You hit Terence but do no damage.
Terence is almost dead.
You slash the orc!
You kill the orc!
Trog accepts your kill.
You hit the orc.
You kill the orc!
Trog accepts your kill.
You barely miss the orc.
The orc priest invokes the aid of Beogh against you.
Beogh smites you!
You die...

.. ##.##...!. ###
.. #.##8...8 ....
.. #.# ##8##
....##.###.########
. .................
.......###.########
..%.##.###.######
......)o..........
....#S)@........##
# #r@###........
#.o ######... ....
.. #.... . #....
#.... #....


You could see Terence, an orc priest, an adder, an orc and a rat.

Vanquished Creatures
  Sigmund (D:2)
  An adder (D:2)
  An ooze (D:1)
  A worm (D:2)
  A dart slug (D:2)
  3 orcs (D:3)
  2 giant cockroaches (D:2)
  5 goblins
  A hobgoblin (D:2)
  2 jackals (D:2)
  A quokka (D:2)
  3 bats (D:2)
  8 frilled lizards
  2 kobolds
  7 rats
39 creatures vanquished.

Notes
Turn   | Place    | Note
-------+----------+-------------------------------------------
     0 | D:1      | Fang the Gargoyle Berserker began the quest for the Orb.
     0 | D:1      | Reached XP level 1. HP: 14/14 MP: 1/1
    51 | D:1      | Reached XP level 2. HP: 17/19 MP: 2/2
   586 | D:2      | Reached XP level 3. HP: 22/23 MP: 3/3
   613 | D:2      | Reached ** piety under Trog
   864 | D:2      | Noticed Sigmund
   874 | D:2      | Killed Sigmund
   874 | D:2      | Reached skill level 4 in Fighting
   874 | D:2      | Reached XP level 4. HP: 29/30 MP: 4/4
   874 | D:2      | Reached XP level 5. HP: 33/34 MP: 5/5
  1043 | D:2      | Found a radiant altar of Vehumet.
  1043 | D:2      | Found a burning altar of Makhleb.
  1186 | D:2      | Found a glowing silver altar of Zin.
  1566 | D:3      | Found an ancient bone altar of Kikubaaqudgha.
  1576 | D:3      | Noticed Terence
  1595 | D:3      | Killed from afar by an orc priest

Skill      XL: |  1  2  3 |
---------------+----------+-----
Axes           | 3 |  3.7
Dodging        | 2 |  2.7
Fighting       | 4 |  4.4
Armour         | 3 |  3.6

Action                   |  1- 3 |  4- 6 || total
-------------------------+-------+-------++-------
Melee: Hand axe          |    90 |    51 ||   141
Invok: Berserk           |     1 |     1 ||     2
  Eat: Chunk             |       |     3 ||     3
Armor: Animal skin       |    34 |    29 ||    63
Dodge: Dodged            |    71 |    45 ||   116
